 Dungeon Crawl Stone Soup version 0.29.1-1-gd02db6906a (webtiles) character file.

Game seed: 322510577986250977

33 Descartes the Scratcher (level 3, 0/16 HPs)
             Began as a Felid Wanderer on Oct 20, 2022.
             Slain by a jackal (2 damage)
             ... on level 2 of the Dungeon.
             The game lasted 00:01:52 (1765 turns).

Descartes the Scratcher (Felid Wanderer)            Turns: 1765, Time: 00:01:53

Health: 0/16       AC:  1    Str: 10    XL:     3   Next: 12%
Magic:  4/4        EV: 18    Int: 11    God:
Gold:   109        SH:  0    Dex: 17    Spells: 2/2 levels left
                                        Lives:  0   Deaths: 0

rFire   . . .      SeeInvis +     - Unarmed
rCold   . . .      Faith    .   (shield unavailable)
rNeg    . . .      Spirit   .   (body armour unavailable)
rPois   .          Reflect  .   (helmet unavailable)
rElec   .          Harm     .   (cloak unavailable)
rCorr   .          Rampage  .   (gloves unavailable)
Will    .....                   (boots unavailable)
Stlth   ++........              (no amulet)
HPRegen 0.05/turn               (no ring)
MPRegen 0.09/turn               (no ring)

@: quick
A: very small, claws 1, fangs 3, see invisible, speed 1, shaggy fur 1, stealthy
paws, no weapons or thrown items, no armour, multi-lived
a: no special abilities


You were on level 2 of the Dungeon.
You visited 1 branch of the dungeon, and saw 2 of its levels.

You collected 109 gold pieces.

Inventory:

Scrolls
 a - 2 scrolls of blinking
 b - a scroll of fear
 f - 2 scrolls of enchant weapon {unknown}
 j - 2 scrolls of teleportation {unknown}
 l - a scroll of enchant armour {unknown}
Potions
 c - 2 potions of curing
 d - a potion of lignification
 e - a potion of degeneration {unknown}
 g - a potion of invisibility {unknown}
 h - a potion of cancellation {unknown}
 i - a potion of heal wounds {unknown}
 k - 2 potions of flight {unknown}
 m - a potion of magic {unknown}


   Skills:
 - Level 2.0 Fighting
 + Level 3.6 Dodging
 + Level 2.2 Stealth
 + Level 5.3 Unarmed Combat
 - Level 1.1 Evocations


You had 2 spell levels left.
You didn't know any spells.
Your spell library contained the following spells:

 Spells                   Type           Power      Damage    Failure   Level
 Beastly Appendage        Tmut           0%         N/A       34%         1
 Wereblood                Tmut           0%         N/A       47%         2
 Spider Form              Tmut/Pois      0%         N/A       71%         3


Dungeon Overview and Level Annotations

Branches:
Dungeon (2/15)

Altars:
Elyvilon

Annotations:
D:2 Sigmund


Innate Abilities, Weirdness & Mutations

You have sharp claws.
You have razor-sharp teeth.
You have supernaturally acute eyesight. (SInv)
You cover ground quickly. (Speed+)
You are covered in fur. (AC +1)
Your paws help you pounce on unaware monsters.
You are incapable of wielding weapons or throwing items.
You cannot wear armour.
You gain extra lives every three experience levels.


Message History

You claw Sigmund!
Sigmund is heavily wounded.
Sigmund screams, "Don't try to resist!"
Sigmund barely misses you.
You scratch Sigmund but do no damage.
Sigmund is heavily wounded.
A jackal comes into view.
You closely miss Sigmund.
Sigmund is heavily wounded.
Sigmund completely misses you.
The jackal barks!
You claw Sigmund!
Sigmund is severely wounded.
Sigmund casts a spell at you. The magic dart hits you.
You are too injured to fight recklessly!
You are too injured to fight recklessly!
You are too injured to fight recklessly!
You are too injured to fight recklessly!
You closely miss Sigmund.
Sigmund is severely wounded.
Sigmund says, "Your kind have come here before.
I understand now why.
You desire death..."
Sigmund misses you.
You scratch Sigmund but do no damage.
Sigmund is severely wounded.
You closely miss Sigmund.
Sigmund is severely wounded.
Sigmund misses you. The jackal completely misses you.
The jackal attacks as you move away! The jackal misses you.
You closely miss the jackal. The jackal bites you.
Sigmund casts a spell.
Sigmund flickers and vanishes for a moment.
You see here a frilled lizard corpse.
You see here 13 gold pieces.
The jackal attacks as you move away! The jackal bites you.
* * * LOW HITPOINT WARNING * * *
The jackal bites you.
* * * LOW HITPOINT WARNING * * *
The jackal attacks as you move away! The jackal bites you.
You die...

..#.#.##....#.##..........####
....#.#####...##........##.......
..###.. ##...#.................
l@# ###.# #.#........#.##.......
..# #.. #..........#.##.......
..######.###.....................
#.@.<.....##..........#.##.......
#.....................#..#.......
#..............h@...#..###
#............@†$....##.#
#..........†#######.##.#
##..####...## ####.†.# ##.# #...#
......# #.# #..... .###..##
...... .# #.# ...#... .. ..
..##... .. ##


You could see Sigmund (invisible) and a jackal.

Vanquished Creatures
  An adder (D:1)
  A dart slug (D:2)
  2 endoplasms
  A goblin (D:2)
  A hobgoblin (D:2)
  7 jackals
  3 ball pythons (D:2)
  2 bats (D:2)
  2 frilled lizards
  A rat (D:1)
21 creatures vanquished.

Notes
Turn   | Place    | Note
-------+----------+-------------------------------------------
     0 | D:1      | Descartes the Felid Wanderer began the quest for the Orb.
     0 | D:1      | Descartes set off with the following items: a scroll of
                  | blinking, a scroll of fear, a potion of curing, a potion of
                  | lignification.
     0 | D:1      | Reached XP level 1. HP: 9/9 MP: 2/2
  1004 | D:2      | Reached skill level 1 in Stealth
  1011 | D:2      | Reached XP level 2. HP: 11/13 MP: 3/3
  1011 | D:2      | Found a white marble altar of Elyvilon.
  1012 | D:2      | Identified the +11 spear "Duocih" {vorpal, Int+4}
  1194 | D:2      | Noticed Sigmund
  1700 | D:2      | Reached XP level 3. HP: 16/16 MP: 4/4
  1765 | D:2      | Slain by a jackal

Illustrated notes

Levels and vault maps discovered:
D:1:      dpeg_arrival_chambers_temple_mockup, layout_basic
D:2:      layout_rooms, basic_altar, grunt_ministairs_9, uniq_sigmund

Skill      XL: |  1  2 |
---------------+-------+-----
Dodging        | 3 |  3.6
Stealth        | 1 2 |  2.2
Fighting       | |  2.0
Unarmed Combat | |  5.3
Evocations     | |  1.1

Action                   || total
-------------------------++-------
Melee: Unarmed           ||    71
       Bite              ||     7
       Punch             ||     2
 Stab: Sleeping          ||     1
Armor: Skin              ||     2
Dodge: Dodged            ||    82
